Map: Daybreak LE (Void)

Players

Gorod

  • Race: Zerg Zerg
  • League: Diamond
  • Spawn Location: 1:00

Fallols - Winner!

  • Race: Zerg Zerg
  • League: Diamond
  • Spawn Location: 7:00

VOD

Have the link to the VOD?

Description

Time

  • Played on: Dec. 19, 2016, 7:32 a.m.
  • Length: 7:23
Show
View Real Time Build Order
Export as new Build Order

Gorod Zerg 

Build Orders: Hatch First 

Get SALT Encoding   

  12  0:02  Drone  
  13  0:08  Drone  
  14  0:17  Drone, Extractor  
  15  0:40  Hatchery  
  14  0:48  Drone, Extractor  
  15  1:02  Spawning Pool  
  14  1:17  Evolution Chamber  
  13  1:20  Drone x2, Extractor  
  14  1:51  Queen  
  14  1:52  Queen  
  14  1:53  Drone x2  
  20  2:15  Overlord  
  20  2:19  Metabolic Boost  
  20  2:32  Overlord  
  20  2:34  Zergling x6  
  20  2:37  Zergling x2  
  24  2:43  Drone  
  25  2:48  Baneling Nest  
  24  2:53  Zergling x2  
  25  3:08  Drone x3  
  28  3:15  Evolution Chamber  
  26  3:28  Zergling x4  
  26  3:29  Zergling x4  
  27  3:45  Zerg Ground Armor Level 1  
  27  3:54  Overlord  
  27  3:58  Baneling x2  
  27  4:16  Zergling x16  
  34  4:37  Zergling x4  
  35  4:47  Drone, Extractor  
  35  4:48  Overlord  
  35  5:07  Zergling x18  
  32  5:25  Zergling x10  
  37  5:49  Zergling x2  
  36  5:50  Zergling x14  
  27  6:44  Zergling x2  
  27  6:45  Zergling x16  
  34  6:55  Drone x3  
Show
View Real Time Build Order
Export as new Build Order

Fallols Zerg - Winner!

Build Orders: Hatch First 

Get SALT Encoding   

  12  0:02  Drone  
  13  0:13  Overlord  
  13  0:17  Drone  
  14  0:31  Drone x2  
  16  0:36  Drone  
  17  0:53  Hatchery  
  17  0:56  Drone  
  17  1:00  Extractor  
  16  1:07  Drone  
  17  1:26  Drone  
  17  1:27  Drone  
  17  1:31  Spawning Pool  
  18  1:41  Drone  
  18  1:44  Overlord  
  19  2:18  Metabolic Boost  
  19  2:19  Zergling x2  
  19  2:20  Zergling x2  
  19  2:21  Queen x2  
  25  2:23  Drone x3  
  28  2:35  Drone  
  28  2:36  Drone  
  30  2:55  Overlord  
  30  2:56  Queen, Drone  
  30  2:57  Pneumatized Carapace, Drone  
  33  3:15  Drone  
  33  3:16  Drone x4  
  38  3:26  Zergling x2  
  39  3:38  Evolution Chamber  
  39  3:40  Evolution Chamber  
  37  3:41  Roach Warren  
  36  3:56  Spine Crawler, Drone x8  
  36  3:57  Drone  
  44  4:04  Overlord  
  44  4:08  Overlord  
  44  4:18  Lair, Zerg Missile Weapons Level 1  
  44  4:21  Extractor  
  44  4:22  Extractor, Overlord  
  44  4:23  Drone  
  43  4:37  Drone x2  
  43  4:38  Drone x4  
  49  4:55  Overlord  
  49  4:56  Roach x6  
  61  5:03  Roach x2  
  65  5:16  Zergling x6  
  65  5:20  Roach Warren  
  64  6:09  Roach x7  
  64  6:11  Queen  
  74  6:12  Queen  
  73  6:26  Hatchery  
  68  6:47  Drone x2  
  68  6:49  Drone x2  
  68  6:50  Roach x2  
  68  6:52  Overlord  
Tags
 
Add a new tag
Caveats
  • Supply blocks, unpowered buildings, or Contaminate may cause inaccurate times.
  • Supply counts are checked every 10 seconds.